 Dungeon Crawl Stone Soup version 0.29.1-4-g47bece8355 (webtiles) character file.

Game seed: 2524042128155894771

137 MacCMillion the Insei (level 5, -3/33 HPs)
             Began as an Octopode Transmuter on Dec 9, 2022.
             Killed by nerve-wracking pain
             ... invoked by Grinder
              (13 damage)
             ... on level 4 of the Dungeon.
             The game lasted 00:06:54 (2582 turns).

MacCMillion the Insei (Octopode Transmuter)         Turns: 2582, Time: 00:06:55

Health: -3/33      AC:  1    Str:  9    XL:     5   Next: 20%
Magic:  7/8        EV: 13    Int: 17    God:
Gold:   107        SH:  0    Dex: 13    Spells: 3/8 levels left

rFire   . . .      SeeInvis .     - Unarmed
rCold   . . .      Faith    .   (no shield)
rNeg    . . .      Spirit   .   (helmet currently unavailable)
rPois   .          Reflect  .   (no amulet)
rElec   .          Harm     .   (no ring)
rCorr   .          Rampage  .   (no ring)
Will    .....                   (no ring)
Stlth   ++........              (no ring)
HPRegen 0.11/turn               (no ring)
MPRegen 0.11/turn               (no ring)
                                (no ring)
                                (no ring)

@: appendages
A: tentacle spike 3, almost no armour, amphibious, 8 rings, camouflage 1,
gelatinous body 1, (nimble swimmer 1), tentacles
a: End Transformation


You were on level 4 of the Dungeon.
One of your tentacles had grown a beastly spike.
You visited 2 branches of the dungeon, and saw 7 of its levels.

You collected 107 gold pieces.

Inventory:

Jewellery
 i - a ring of fire
Scrolls
 d - a scroll of poison {unknown}
 g - a scroll of amnesia {unknown}
 k - a scroll of fear {unknown}
Potions
 a - a potion of lignification
 b - 4 potions of curing
 e - 2 potions of heal wounds
 f - a potion of attraction
 h - a potion of might {unknown}
 j - a potion of flight {unknown}


   Skills:
 - Level 1.0 Fighting
 - Level 2.0 Dodging
 + Level 4.2 Unarmed Combat
 - Level 2.0 Spellcasting
 + Level 3.5 Transmutations
 + Level 2.0 Ice Magic


You had 3 spell levels left.
You knew the following spells:

 Your Spells              Type           Power      Damage    Failure   Level
a - Beastly Appendage     Tmut           26%        N/A       4%          1
b - Ice Form              Ice/Tmut       11%        N/A       52%         4

Your spell library contained the following spells:

 Spells                   Type           Power      Damage    Failure   Level
 Wereblood                Tmut           13%        N/A       7%          2
 Spider Form              Tmut/Pois      7%         N/A       28%         3


Dungeon Overview and Level Annotations

Branches:
Dungeon (6/15)             Temple (1/1) D:5

Altars:
Dithmenos
Hepliaklqana
Makhleb
Nemelex Xobeh
Okawaru
Ru
Sif Muna
Trog
Uskayaw
Wu Jian
Xom
Yredelemnul
Zin
The Shining One

Shops:
D:2 *

Annotations:
D:4 Eustachio, Grinder


Innate Abilities, Weirdness & Mutations

One of your tentacles has grown a beastly spike.
You cannot wear most types of armour.
You are amphibious.
You can wear up to eight rings at the same time.
Your skin changes colour to match your surroundings (Stealth+).
Your rubbery body absorbs attacks. (AC +1, EV +1)
((You are camouflaged when in or above water. (Stealth+)))
You have tentacles for arms and can constrict up to eight enemies at once.


Message History

One of your tentacles grows a vicious spike.
You start resting.
Grinder is nearby!
You closely miss Grinder. Your grab misses Grinder.
Grinder blinks!
You open the door.
There is an open door here.
Your transformation is almost over.
Found 18 gold pieces.
Found a dark potion.
You see here 6 stones.
You see here 6 stones.
Your tentacle spike disappears.
Grinder closely misses you.
You tentacle-slap Grinder. You grab Grinder.
You tentacle-slap Grinder, but do no damage.
You squeeze Grinder.
Grinder is moderately wounded.
You constrict Grinder. Grinder misses you.
Casting: Beastly Appendage (safe; 4% risk of failure)
Confirm with . or Enter, or press ? or * to list all spells.
One of your tentacles grows a vicious spike.
You constrict Grinder. Grinder hits you!
You writhe in agony.
You tentacle-slap Grinder. x2
Grinder is moderately wounded.
You constrict Grinder. Grinder barely misses you.
You barely miss Grinder.
Grinder is heavily wounded.
You constrict Grinder. Grinder completely misses you.
You tentacle-slap Grinder.
You pierce Grinder, but do no damage.
Grinder is heavily wounded.
You constrict Grinder. Grinder hits you.
You writhe in agony.
You tentacle-slap Grinder.
You pierce Grinder.
Grinder is severely wounded.
You constrict Grinder. Grinder hits you.
You writhe in agony.
You tentacle-slap Grinder.
Grinder is almost dead.
You constrict Grinder. Grinder gestures at you. Pain shoots through your body!
You die...

# #.##.......# ###
#.##.......#
.≈########.##.......#
≈≈............##'####
.≈########.##.#..#
..# #####...### ....
#≈≈≈~~~≈≈# ..###
.####..5### ..#
......##@# ..#
......##.# ≈.@
......!.(#######
#####..........#
..............+
####.##......... #.
#$####..## # #.# ##
...


You could see Grinder.

Vanquished Creatures
  An iguana (D:6)
  2 orc wizards (D:5)
  2 adders (D:2)
  A worm (D:2)
  A dart slug (D:1)
  2 orcs (D:5)
  4 ball pythons
  5 bats
  2 endoplasms (D:1)
  A giant cockroach (D:1)
  3 goblins
  2 hobgoblins (D:2)
  4 jackals (D:1)
  2 kobolds (D:2)
  2 quokkas (D:1)
  3 frilled lizards
  2 rats
39 creatures vanquished.

Notes
Turn   | Place    | Note
-------+----------+-------------------------------------------
     0 | D:1      | MacCMillion the Octopode Transmuter began the quest for the
                  | Orb.
     0 | D:1      | Reached XP level 1. HP: 13/13 MP: 3/3
   185 | D:1      | Reached XP level 2. HP: 18/18 MP: 3/5
   851 | D:1      | Reached XP level 3. HP: 20/23 MP: 4/6
  1163 | D:2      | Found a glowing golden altar of the Shining One.
  1543 | D:2      | Found Hoosegh's Assorted Antiques.
  1734 | D:2      | Reached skill level 1 in Ice Magic
  1818 | D:2      | Reached XP level 4. HP: 28/28 MP: 5/7
  1975 | D:3      | You fall into a shaft and drop 3 floors!
  1997 | D:6      | Reached skill level 4 in Unarmed Combat
  2117 | D:6      | Learned a level 4 spell: Ice Form
  2119 | D:5      | Entered Level 5 of the Dungeon
  2143 | D:5      | Found a staircase to the Ecumenical Temple.
  2180 | D:5      | Reached XP level 5. HP: 30/33 MP: 8/8
  2235 | Temple   | Entered the Ecumenical Temple
  2498 | D:4      | Noticed Eustachio
  2548 | D:4      | Noticed Grinder
  2553 | D:4      | Paralysed by Grinder for 4 turns
  2582 | D:4      | Killed from afar by Grinder

Illustrated notes

Levels and vault maps discovered:
D:1:      minmay_arrival_four_loops, layout_rooms, minmay_distorted
D:2:      layout_basic, basic_altar, serial_shops, shop_statue
D:3:      layout_loops_ring
D:4:      layout_basic, jmf_multi_god_temple2, serial_rivers,
          chequers_serial_rivers_marsh, chequers_serial_rivers_micro_b,
          chequers_serial_rivers_marsh, chequers_serial_rivers_large_b,
          chequers_serial_rivers_small_b, chequers_serial_rivers_micro_a,
          uniq_pikel, uniq_eustachio, uniq_grinder
D:5:      minmay_razor_zed, layout_loops_ring,
          minmay_temple_entry_statues_fountains, corexii_item_surrounded_by_moat
D:6:      layout_cave_pools, serial_gnoll_camp, gnoll_camp_mini_hut,
          gnoll_camp_huts_moat, gnoll_camp_mini_basic, gnoll_camp_mini_doghouse,
          pf_guarded_unrand_delatra, uniq_prince_ribbit1,
          uniq_crazy_yiuf_cottage
Temple:   minmay_temple_curvy_branch

Skill      XL: |  1  2  3  4  5 |
---------------+----------------+-----
Transmutations | 3 |  3.5
Ice Magic      | 1 2 |  2.0
Unarmed Combat | 4 |  4.2
Fighting       | |  1.0
Dodging        | |  2.0
Spellcasting   | |  2.0

Action                   |  1- 3 |  4- 6 || total
-------------------------+-------+-------++-------
Melee: Unarmed           |    71 |    22 ||    93
       Kick              |    27 |     8 ||    35
       Constrict         |    19 |     5 ||    24
       Tentacles         |    11 |     4 ||    15
       Punch             |     4 |     2 ||     6
 Cast: Beastly Appendage |    25 |     6 ||    31
  Use: Scroll            |     4 |     1 ||     5
 Stab: Sleeping          |     5 |       ||     5
Armor: Skin              |     7 |     2 ||     9
Dodge: Dodged            |    37 |     8 ||    45
